Wild vs Kings

Created - January-05-14 at 10:30

Goals
1 2 3 T
Wild 0 0 1 1
Kings 1 1 0 2
Shots
1 2 3 T
Wild 3 3 9 15
Kings 9 9 4 22

1st period

1. Kings , Vyacheslav Voynov 9 (Mike Richards, Nail Yakupov) at 0:32

Penalties :
Clayton Stoner (MIN) for Holding (Minor) at 1:40, Matt Hendricks (LOS) for Roughing (Minor) at 4:07, Alexei Ponikarovsky (MIN) for High sticking (Minor) at 9:07, Clayton Stoner (MIN) for Hooking (Minor) at 17:05, Bobby Ryan (MIN) for Holding (Minor) at 19:29

2nd period

2. Kings , Vyacheslav Voynov 10 (Mikhail Grabovski, Jarret Stoll) at 16:24 (PP)

Penalties :
Tobias Enstrom (LOS) for Hooking (Minor) at 7:57, Michael Stone (MIN) for Hooking (Minor) at 16:12

3rd period

3. Wild , Patrik Berglund 11 (Milan Michalek, Fedor Tyutin) at 11:01

Penalties :
Justin Faulk (LOS) for Holding (Minor) at 3:53, Michael Stone (MIN) for Slashing (Minor) at 7:38, Ryan Smyth (LOS) for Holding (Minor) at 15:36, Fedor Tyutin (MIN) for Roughing (Minor) at 15:43, Michael Stone (MIN) for Tripping (Minor) at 19:14, Alexei Ponikarovsky (MIN) for Interference (Minor) at 19:52

Goalie Stats

Niklas Backstrom (MIN), 20 saves from 22 shots - (0.909), L, 8-7-1, 60:00 minutes
Jacob Markstrom (LOS), 14 saves from 15 shots - (0.933), W, 5-5-3, 60:00 minutes

Players Stats for Wild

Player Name              G  A  P  +/- PIM S  H  SB GA TA FO     MP     PP MP  PK MP  
------------------------------------------------------------------------------------
Alexei Ponikarovsky      0  0  0   0  4   1  0  0  0  0  0/3    17:56   0:31   4:13 
Andrei Markov            0  0  0   0  0   2  0  0  0  0  0/0    20:37   2:17   0:06 
Andrew Ebbett            0  0  0   0  0   0  0  0  0  0  0/1     0:37   0:31   0:06 
Andy McDonald            0  0  0   0  0   2  0  0  0  0  11/20  16:41   2:35   0:00 
Anton Babchuk            0  0  0   0  0   0  0  0  0  0  0/0     0:08   0:00   0:08 
Blake Comeau             0  0  0   0  0   0  3  0  0  0  0/0    19:19   1:04   5:20 
Bobby Ryan               0  0  0   0  2   1  1  0  0  0  0/0    16:40   2:35   0:00 
Brent Burns              0  0  0   0  0   0  2  1  0  0  0/2    20:57   2:25   5:10 
Clayton Stoner           0  0  0   0  4   0  7  1  0  0  0/0    15:03   0:00   3:24 
Erik Cole                0  0  0   0  0   0  2  0  0  0  0/0    19:06   2:35   1:18 
Fedor Tyutin             0  1  1   0  2   1  1  0  0  0  0/0    22:32   3:46   2:59 
Jay Pandolfo             0  0  0   0  0   0  0  0  0  0  5/9     5:32   0:00   5:32 
John-Michael Liles       0  0  0   0  0   0  1  0  0  0  0/0    19:38   0:31   5:34 
Manny Malhotra           0  0  0   0  0   1  0  1  0  0  10/25  18:34   0:00   5:21 
Michael Stone            0  0  0   0  6   1  1  3  0  0  0/0    20:48   2:17   4:25 
Milan Michalek           0  1  1   0  0   1  0  0  0  0  1/3    18:36   2:58   0:00 
Patrik Berglund          1  0  1   0  0   4  0  0  0  0  10/22  18:36   2:58   0:00 
Ryan Whitney             0  0  0   0  0   1  1  0  0  0  0/0    15:33   3:16   0:12 

Players Stats for Kings

Player Name              G  A  P  +/- PIM S  H  SB GA TA FO     MP     PP MP  PK MP  
------------------------------------------------------------------------------------
Daniel Alfredsson        0  0  0   0  0   4  0  0  0  0  0/0    21:34   6:39   2:37 
Dustin Penner            0  0  0   0  0   1  1  0  0  0  2/3    10:06   0:00   0:00 
Guillaume Latendresse    0  0  0  -1  0   2  0  0  0  0  1/1    12:45   5:03   0:06 
Jamie McBain             0  0  0   0  0   0  0  1  0  0  0/0    11:31   0:00   0:00 
Jarret Stoll             0  1  1   1  0   2  7  0  0  0  13/19  23:58   6:54   3:05 
Joe Corvo                0  0  0  -1  0   0  1  1  0  0  0/0    12:53   0:30   1:37 
Justin Faulk             0  0  0   1  2   0  0  0  0  0  0/0    16:54   0:00   2:15 
Matt Hendricks           0  0  0  -1  2   0  1  0  0  0  0/0     8:00   0:00   0:00 
Michael Frolik           0  0  0   0  0   0  0  0  0  0  3/4    14:00   1:24   2:37 
Michal Handzus           0  0  0  -1  0   0  0  1  0  0  1/6     8:23   0:00   0:22 
Mike Richards            0  1  1   1  0   2  0  0  0  0  0/0    21:56   5:56   3:21 
Mikhail Grabovski        0  1  1   0  0   2  0  0  0  0  13/19  14:01   5:03   0:00 
Nail Yakupov             0  1  1   1  0   2  0  0  0  0  0/2    18:59   6:31   0:00 
Robyn Regehr             0  0  0   0  0   0  3  2  0  0  0/0    20:15   0:00   2:52 
Ryan Nugent-Hopkins      0  0  0   0  0   1  1  0  0  0  14/29  17:23   5:56   0:00 
Ryan Smyth               0  0  0   0  2   0  1  0  0  0  1/2    11:26   0:00   0:00 
Tobias Enstrom           0  0  0  -1  2   3  0  0  0  0  0/0    24:51   6:18   1:30 
Vyacheslav Voynov        2  0  2   1  0   3  0  0  0  0  0/0    23:05   4:41   3:54 

3 Stars

1 - Vyacheslav Voynov (LOS)
2 - Jarret Stoll (LOS)
3 - Jacob Markstrom (LOS)

Power Play

Wild - 0 on 4 Attempt(s) - 0.00%
Kings - 1 on 9 Attempt(s) - 11.11%

Penalty Kill

Wild - 8 on 9 Attempt(s) - 88.89% - Score 0 goal in Penalty Kill
Kings - 4 on 4 Attempt(s) - 100.00% - Score 0 goal in Penalty Kill

Official

Referees : Frederick L'Ecuyer and Tom Kowal
Linesman : Tony Sericolo and Brian Murphy

Game Notes

No Game Note

Finance

Level 1 -- Attendance: 6500 (100.00%) -- Ticket Income $455,000
Level 2 -- Attendance: 5000 (100.00%) -- Ticket Income $310,000
Level 3 -- Attendance: 3485 (99.57%) -- Ticket Income $125,460
Level 4 -- Attendance: 2118 (100.00%) -- Ticket Income $67,776
Luxury Box -- Attendance: 911 (91.10%) -- Ticket Income $167,624
Game was played at the Staples Center
Total Attendance: 18014 (99.43%)
Total Ticket Income: $1,125,860
Other Income: $168,879
Total Income: $1,294,739


% Time on Ice - Wild

Lines # - Real PCT - Wanted PCT - Time Play
Normal Forward
1 - 31% - 35% - 12:39
2 - 32% - 35% - 12:58
3 - 32% - 15% - 13:13
4 - 5% - 15% - 2:15
Normal Defense
1 - 33% - 35% - 13:33
2 - 34% - 35% - 14:09
3 - 27% - 15% - 11:09
4 - 5% - 15% - 2:14
PP Forward
1 - 49% - 50% - 2:58
2 - 51% - 50% - 3:06
PP Defense
1 - 62% - 50% - 3:47
2 - 38% - 50% - 2:17
PK Forward
1 - 49% - 50% - 5:20
2 - 51% - 50% - 5:32
PK Defense
1 - 49% - 50% - 5:18
2 - 51% - 50% - 5:34
PK3 Forward
1 - 14% - 50% - 0:01
2 - 86% - 50% - 0:06
PK3 Defense
1 - 86% - 50% - 0:06
2 - 14% - 50% - 0:01
44 Forward
1 - 39% - 50% - 0:44
2 - 61% - 50% - 1:08
44 Defense
1 - 78% - 50% - 1:27
2 - 22% - 50% - 0:25
Last Minute Offensive  - 0:00
Last Minute Defensive  - 0:00
Total
Forward - 60:00
Defense - 60:00

% Time on Ice - Kings

Lines # - Real PCT - Wanted PCT - Time Play
Normal Forward
1 - 30% - 35% - 12:28
2 - 28% - 30% - 11:27
3 - 22% - 20% - 8:58
4 - 20% - 15% - 8:01
Normal Defense
1 - 33% - 33% - 13:39
2 - 27% - 28% - 10:53
3 - 27% - 20% - 11:13
4 - 13% - 19% - 5:09
PP Forward
1 - 54% - 55% - 5:56
2 - 46% - 45% - 5:03
PP Defense
1 - 57% - 55% - 6:18
2 - 43% - 45% - 4:41
PK Forward
1 - 57% - 55% - 3:27
2 - 43% - 45% - 2:37
PK Defense
1 - 62% - 55% - 3:46
2 - 38% - 45% - 2:18
PK3 Forward
1 - 0% - 55%
2 - 0% - 45%
PK3 Defense
1 - 0% - 55%
2 - 0% - 45%
44 Forward
1 - 54% - 50% - 1:01
2 - 46% - 50% - 0:51
44 Defense
1 - 54% - 50% - 1:01
2 - 46% - 50% - 0:51
Last Minute Offensive  - 0:00
Last Minute Defensive  - 0:11
Total
Forward - 60:00
Defense - 60:00

Play by Play

1st period


0:01 of 1st period - Jarret Stoll wins face-off versus Patrik Berglund in neutral zone.
0:30 of 1st period - Shot by Mike Richards.
0:30 of 1st period - Shot Misses the Net.
0:32 of 1st period - Shot by Vyacheslav Voynov.
0:32 of 1st period - Goal by Vyacheslav Voynov - Wild : 0 - Kings : 1.
0:33 of 1st period - Ryan Nugent-Hopkins wins face-off versus Andy McDonald in neutral zone.
0:49 of 1st period - Andy McDonald is hit by Joe Corvo and loses puck.
0:54 of 1st period - Shot by Bobby Ryan.
0:54 of 1st period - Stopped by Jacob Markstrom without a rebound.
0:55 of 1st period - Dustin Penner wins face-off versus Manny Malhotra in Kings zone.
0:59 of 1st period - Icing by Jamie McBain.
1:00 of 1st period - Mikhail Grabovski wins face-off versus Patrik Berglund in Kings zone.
1:00 of 1st period - Mikhail Grabovski is hit by Erik Cole.
1:07 of 1st period - Robyn Regehr is hit by Fedor Tyutin and loses puck.
1:14 of 1st period - Shot by Mikhail Grabovski.
1:14 of 1st period - Stopped by Niklas Backstrom without a rebound.
1:15 of 1st period - Manny Malhotra wins face-off versus Michal Handzus in Wild zone.
1:17 of 1st period - Icing by Clayton Stoner.
1:18 of 1st period - Manny Malhotra wins face-off versus Michal Handzus in Wild zone.
1:18 of 1st period - Blake Comeau is hit by Matt Hendricks and loses puck.
1:32 of 1st period - Matt Hendricks is hit by Clayton Stoner and loses puck.
1:40 of 1st period - Minor Penalty to Clayton Stoner for Holding.
1:41 of 1st period - Jay Pandolfo wins face-off versus Ryan Nugent-Hopkins in Wild zone.
1:52 of 1st period - Shot by Blake Comeau.
1:52 of 1st period - Shot Misses the Net.
2:03 of 1st period - Off-side.
2:04 of 1st period - Guillaume Latendresse wins face-off versus Jay Pandolfo in neutral zone.
2:29 of 1st period - Shot by Daniel Alfredsson.
2:29 of 1st period - Shot Misses the Net.
2:41 of 1st period - Shot by Tobias Enstrom.
2:41 of 1st period - Stopped by Niklas Backstrom without a rebound.
2:42 of 1st period - Ryan Nugent-Hopkins wins face-off versus Manny Malhotra in Wild zone.
2:47 of 1st period - Shot by Vyacheslav Voynov.
2:47 of 1st period - Shot Blocked by Michael Stone.
2:49 of 1st period - Shot by Mike Richards.
2:49 of 1st period - Shot Misses the Net.
2:58 of 1st period - Shot by Nail Yakupov.
2:58 of 1st period - Shot Misses the Net.
3:00 of 1st period - Shot by Ryan Nugent-Hopkins.
3:00 of 1st period - Shot Blocked by Michael Stone.
3:02 of 1st period - Shot by Vyacheslav Voynov.
3:02 of 1st period - Shot Blocked by Michael Stone.
3:35 of 1st period - Off-side.
3:36 of 1st period - Ryan Nugent-Hopkins wins face-off versus Jay Pandolfo in neutral zone.
4:07 of 1st period - Minor Penalty to Matt Hendricks for Roughing.
4:08 of 1st period - Michael Frolik wins face-off versus Patrik Berglund in Kings zone.
4:08 of 1st period - Michael Frolik is hit by Brent Burns.
4:32 of 1st period - Shot by Andrei Markov.
4:32 of 1st period - Shot Misses the Net.
5:04 of 1st period - Icing by Erik Cole.
5:05 of 1st period - Michael Frolik wins face-off versus Andy McDonald in Wild zone.
5:16 of 1st period - Robyn Regehr is hit by Erik Cole and loses puck.
5:32 of 1st period - Off-side.
5:33 of 1st period - Jarret Stoll wins face-off versus Patrik Berglund in neutral zone.
6:45 of 1st period - Icing by Tobias Enstrom.
6:46 of 1st period - Andy McDonald wins face-off versus Michal Handzus in Kings zone.
7:33 of 1st period - Off-side.
7:34 of 1st period - Ryan Nugent-Hopkins wins face-off versus Patrik Berglund in neutral zone.
7:36 of 1st period - Off-side.
7:37 of 1st period - Patrik Berglund wins face-off versus Ryan Nugent-Hopkins in neutral zone.
7:55 of 1st period - Shot by Daniel Alfredsson.
7:55 of 1st period - Shot Misses the Net.
8:05 of 1st period - Shot by Daniel Alfredsson.
8:05 of 1st period - Stopped by Niklas Backstrom without a rebound.
8:06 of 1st period - Jarret Stoll wins face-off versus Manny Malhotra in Wild zone.
8:06 of 1st period - Mike Richards is hit by Clayton Stoner and loses puck.
8:10 of 1st period - Mike Richards is hit by Clayton Stoner and loses puck.
8:16 of 1st period - Nail Yakupov is hit by Clayton Stoner and loses puck.
8:33 of 1st period - Shot by Mike Richards.
8:33 of 1st period - Shot Misses the Net.
8:42 of 1st period - Mike Richards is hit by Clayton Stoner and loses puck.
9:05 of 1st period - Daniel Alfredsson is hit by Blake Comeau and loses puck.
9:07 of 1st period - Minor Penalty to Alexei Ponikarovsky for High sticking.
9:08 of 1st period - Jay Pandolfo wins face-off versus Mikhail Grabovski in Wild zone.
9:08 of 1st period - Jay Pandolfo is hit by Jarret Stoll.
9:15 of 1st period - Icing by Tobias Enstrom.
9:16 of 1st period - Mikhail Grabovski wins face-off versus Jay Pandolfo in Kings zone.
9:23 of 1st period - Shot by Daniel Alfredsson.
9:23 of 1st period - Stopped by Niklas Backstrom without a rebound.
9:24 of 1st period - Jay Pandolfo wins face-off versus Ryan Nugent-Hopkins in Wild zone.
9:48 of 1st period - Shot by Daniel Alfredsson.
9:48 of 1st period - Stopped by Niklas Backstrom without a rebound.
9:49 of 1st period - Jay Pandolfo wins face-off versus Mikhail Grabovski in Wild zone.
10:21 of 1st period - Shot by Guillaume Latendresse.
10:21 of 1st period - Stopped by Niklas Backstrom with a rebound.
10:23 of 1st period - Shot by Mikhail Grabovski.
10:23 of 1st period - Deflect By Guillaume Latendresse.
10:23 of 1st period - Shot Misses the Net.
10:38 of 1st period - Icing by Michael Frolik.
10:39 of 1st period - Ryan Nugent-Hopkins wins face-off versus Manny Malhotra in Kings zone.
11:20 of 1st period - Shot by Brent Burns.
11:20 of 1st period - Shot Hit the Post.
11:22 of 1st period - Shot by Fedor Tyutin.
11:22 of 1st period - Shot Blocked by Jamie McBain.
11:34 of 1st period - Shot by Brent Burns.
11:34 of 1st period - Shot Misses the Net.
11:36 of 1st period - Shot by Andrei Markov.
11:36 of 1st period - Shot Hit the Post.
11:38 of 1st period - Shot by Fedor Tyutin.
11:38 of 1st period - Shot Misses the Net.
12:14 of 1st period - Shot by Andy McDonald.
12:14 of 1st period - Shot Blocked by Robyn Regehr.
12:30 of 1st period - Shot by Bobby Ryan.
12:30 of 1st period - Shot Hit the Post.
12:32 of 1st period - Shot by Ryan Whitney.
12:32 of 1st period - Stopped by Jacob Markstrom without a rebound.
12:33 of 1st period - Ryan Nugent-Hopkins wins face-off versus Alexei Ponikarovsky in Kings zone.
13:00 of 1st period - Shot by Daniel Alfredsson.
13:00 of 1st period - Stopped by Niklas Backstrom without a rebound.
13:01 of 1st period - Patrik Berglund wins face-off versus Nail Yakupov in Wild zone.
13:09 of 1st period - Milan Michalek is hit by Jarret Stoll and loses puck.
13:19 of 1st period - Icing by Michael Stone.
13:20 of 1st period - Mikhail Grabovski wins face-off versus Milan Michalek in Wild zone.
13:20 of 1st period - Mikhail Grabovski is hit by Michael Stone.
14:33 of 1st period - Icing by Fedor Tyutin.
14:34 of 1st period - Andy McDonald wins face-off versus Ryan Nugent-Hopkins in Wild zone.
14:43 of 1st period - Icing by Jamie McBain.
14:44 of 1st period - Ryan Nugent-Hopkins wins face-off versus Alexei Ponikarovsky in Kings zone.
14:59 of 1st period - Ryan Nugent-Hopkins is hit by Blake Comeau and loses puck.
16:01 of 1st period - Off-side.
16:02 of 1st period - Mikhail Grabovski wins face-off versus Andy McDonald in neutral zone.
16:11 of 1st period - Shot by Dustin Penner.
16:11 of 1st period - Stopped by Niklas Backstrom without a rebound.
16:12 of 1st period - Mikhail Grabovski wins face-off versus Brent Burns in Wild zone.
16:34 of 1st period - Shot by Patrik Berglund.
16:34 of 1st period - Stopped by Jacob Markstrom without a rebound.
16:35 of 1st period - Andy McDonald wins face-off versus Nail Yakupov in Kings zone.
17:05 of 1st period - Minor Penalty to Clayton Stoner for Hooking.
17:06 of 1st period - Manny Malhotra wins face-off versus Mikhail Grabovski in Wild zone.
17:12 of 1st period - Icing by Jarret Stoll.
17:13 of 1st period - Mikhail Grabovski wins face-off versus Manny Malhotra in Kings zone.
17:35 of 1st period - Shot by Daniel Alfredsson.
17:35 of 1st period - Shot Misses the Net.
18:25 of 1st period - Shot by Vyacheslav Voynov.
18:25 of 1st period - Shot Misses the Net.
19:29 of 1st period - Minor Penalty to Bobby Ryan for Holding.
19:30 of 1st period - Jarret Stoll wins face-off versus Manny Malhotra in Wild zone.
19:54 of 1st period - Shot by Jarret Stoll.
19:54 of 1st period - Shot Misses the Net.
Goals for this period are 0 for Wild vs 1 for Kings.
Shots for this period are 3 for Wild vs 9 for Kings.

2nd period


0:01 of 2nd period - Manny Malhotra wins face-off versus Ryan Nugent-Hopkins in neutral zone.
0:19 of 2nd period - Shot by Tobias Enstrom.
0:19 of 2nd period - Shot Misses the Net.
0:35 of 2nd period - Shot by Daniel Alfredsson.
0:35 of 2nd period - Shot Misses the Net.
0:39 of 2nd period - Shot by Nail Yakupov.
0:39 of 2nd period - Stopped by Niklas Backstrom without a rebound.
0:40 of 2nd period - Mikhail Grabovski wins face-off versus Manny Malhotra in Wild zone.
1:00 of 2nd period - Shot by Vyacheslav Voynov.
1:00 of 2nd period - Shot Blocked by Brent Burns.
1:08 of 2nd period - Shot by Nail Yakupov.
1:08 of 2nd period - Stopped by Niklas Backstrom with a rebound.
1:10 of 2nd period - Shot by Vyacheslav Voynov.
1:10 of 2nd period - Stopped by Niklas Backstrom without a rebound.
1:11 of 2nd period - Manny Malhotra wins face-off versus Ryan Nugent-Hopkins in Wild zone.
2:57 of 2nd period - Shot by Ryan Nugent-Hopkins.
2:57 of 2nd period - Shot Misses the Net.
2:59 of 2nd period - Shot by Joe Corvo.
2:59 of 2nd period - Shot Misses the Net.
3:01 of 2nd period - Shot by Daniel Alfredsson.
3:01 of 2nd period - Shot Misses the Net.
3:31 of 2nd period - Vyacheslav Voynov is hit by Blake Comeau and loses puck.
3:38 of 2nd period - Shot by Mike Richards.
3:38 of 2nd period - Shot Misses the Net.
3:40 of 2nd period - Shot by Nail Yakupov.
3:40 of 2nd period - Deflect By Mike Richards.
3:40 of 2nd period - Shot Blocked by Clayton Stoner.
3:42 of 2nd period - Shot by Mike Richards.
3:42 of 2nd period - Shot Misses the Net.
4:18 of 2nd period - Shot by Michal Handzus.
4:18 of 2nd period - Shot Misses the Net.
4:30 of 2nd period - Shot by Matt Hendricks.
4:30 of 2nd period - Shot Misses the Net.
4:51 of 2nd period - Icing by Michael Frolik.
4:52 of 2nd period - Patrik Berglund wins face-off versus Mikhail Grabovski in Kings zone.
5:36 of 2nd period - Icing by Joe Corvo.
5:37 of 2nd period - Mikhail Grabovski wins face-off versus Andy McDonald in Kings zone.
6:49 of 2nd period - Ryan Nugent-Hopkins is hit by Brent Burns and loses puck.
7:42 of 2nd period - Icing by Tobias Enstrom.
7:43 of 2nd period - Andy McDonald wins face-off versus Michal Handzus in Kings zone.
7:57 of 2nd period - Minor Penalty to Tobias Enstrom for Hooking.
7:58 of 2nd period - Jarret Stoll wins face-off versus Andy McDonald in Kings zone.
8:25 of 2nd period - Fedor Tyutin is hit by Jarret Stoll and loses puck.
9:36 of 2nd period - Shot by Alexei Ponikarovsky.
9:36 of 2nd period - Stopped by Jacob Markstrom with a rebound.
9:38 of 2nd period - Shot by John-Michael Liles.
9:38 of 2nd period - Shot Blocked by Robyn Regehr.
10:02 of 2nd period - Shot by Michal Handzus.
10:02 of 2nd period - Shot Misses the Net.
10:14 of 2nd period - Shot by Guillaume Latendresse.
10:14 of 2nd period - Stopped by Niklas Backstrom without a rebound.
10:15 of 2nd period - Andy McDonald wins face-off versus Ryan Nugent-Hopkins in Wild zone.
10:45 of 2nd period - Icing by Ryan Smyth.
10:46 of 2nd period - Milan Michalek wins face-off versus Ryan Nugent-Hopkins in Kings zone.
11:04 of 2nd period - Shot by Patrik Berglund.
11:04 of 2nd period - Shot Misses the Net.
11:06 of 2nd period - Shot by Fedor Tyutin.
11:06 of 2nd period - Stopped by Jacob Markstrom without a rebound.
11:07 of 2nd period - Jarret Stoll wins face-off versus Manny Malhotra in Kings zone.
11:24 of 2nd period - Shot by Andrei Markov.
11:24 of 2nd period - Shot Misses the Net.
11:31 of 2nd period - Manny Malhotra is hit by Robyn Regehr and loses puck.
12:12 of 2nd period - Shot by Mikhail Grabovski.
12:12 of 2nd period - Stopped by Niklas Backstrom without a rebound.
12:13 of 2nd period - Andy McDonald wins face-off versus Ryan Nugent-Hopkins in Wild zone.
12:13 of 2nd period - Andy McDonald is hit by Ryan Smyth.
13:11 of 2nd period - Dustin Penner is hit by Bobby Ryan and loses puck.
13:52 of 2nd period - Icing by Michael Stone.
13:53 of 2nd period - Patrik Berglund wins face-off versus Jarret Stoll in Wild zone.
13:57 of 2nd period - Off-side.
13:58 of 2nd period - Jarret Stoll wins face-off versus Manny Malhotra in neutral zone.
14:35 of 2nd period - Vyacheslav Voynov is hit by Clayton Stoner.
14:41 of 2nd period - Shot by Jarret Stoll.
14:41 of 2nd period - Stopped by Niklas Backstrom without a rebound.
14:42 of 2nd period - Patrik Berglund wins face-off versus Ryan Smyth in Wild zone.
15:50 of 2nd period - Andrei Markov is hit by Robyn Regehr and loses puck.
16:12 of 2nd period - Minor Penalty to Michael Stone for Hooking.
16:13 of 2nd period - Mikhail Grabovski wins face-off versus Manny Malhotra in Wild zone.
16:22 of 2nd period - Shot by Mikhail Grabovski.
16:22 of 2nd period - Shot Misses the Net.
16:24 of 2nd period - Shot by Vyacheslav Voynov.
16:24 of 2nd period - Goal by Vyacheslav Voynov - Wild : 0 - Kings : 2.
16:25 of 2nd period - Jarret Stoll wins face-off versus Manny Malhotra in neutral zone.
16:35 of 2nd period - Mike Richards is hit by John-Michael Liles and loses puck.
16:46 of 2nd period - Shot by Jarret Stoll.
16:46 of 2nd period - Stopped by Niklas Backstrom with a rebound.
17:55 of 2nd period - Shot by Ryan Nugent-Hopkins.
17:55 of 2nd period - Stopped by Niklas Backstrom without a rebound.
17:56 of 2nd period - Mikhail Grabovski wins face-off versus Patrik Berglund in Wild zone.
18:14 of 2nd period - Milan Michalek is hit by Dustin Penner and loses puck.
18:20 of 2nd period - Icing by Clayton Stoner.
18:21 of 2nd period - Ryan Nugent-Hopkins wins face-off versus Milan Michalek in Wild zone.
18:21 of 2nd period - Daniel Alfredsson is hit by Clayton Stoner.
18:29 of 2nd period - Shot by Ryan Nugent-Hopkins.
18:29 of 2nd period - Shot Misses the Net.
19:19 of 2nd period - Shot by Andy McDonald.
19:19 of 2nd period - Stopped by Jacob Markstrom without a rebound.
19:20 of 2nd period - Manny Malhotra wins face-off versus Jarret Stoll in Kings zone.
Goals for this period are 0 for Wild vs 1 for Kings.
Shots for this period are 3 for Wild vs 9 for Kings.

3rd period


0:01 of 3rd period - Jarret Stoll wins face-off versus Patrik Berglund in neutral zone.
0:57 of 3rd period - Off-side.
0:58 of 3rd period - Andy McDonald wins face-off versus Ryan Nugent-Hopkins in neutral zone.
1:04 of 3rd period - Icing by Ryan Smyth.
1:05 of 3rd period - Andy McDonald wins face-off versus Ryan Nugent-Hopkins in Kings zone.
1:08 of 3rd period - Shot by Bobby Ryan.
1:08 of 3rd period - Deflect By Andy McDonald.
1:08 of 3rd period - Shot Misses the Net.
2:05 of 3rd period - Off-side.
2:06 of 3rd period - Jarret Stoll wins face-off versus Brent Burns in neutral zone.
2:30 of 3rd period - Shot by Patrik Berglund.
2:30 of 3rd period - Stopped by Jacob Markstrom without a rebound.
2:31 of 3rd period - Manny Malhotra wins face-off versus Michael Frolik in Kings zone.
2:40 of 3rd period - Shot by Tobias Enstrom.
2:40 of 3rd period - Shot Misses the Net.
2:42 of 3rd period - Shot by Joe Corvo.
2:42 of 3rd period - Shot Hit the Post.
3:09 of 3rd period - Icing by Joe Corvo.
3:10 of 3rd period - Andy McDonald wins face-off versus Mikhail Grabovski in Kings zone.
3:46 of 3rd period - Shot by Andy McDonald.
3:46 of 3rd period - Shot Misses the Net.
3:53 of 3rd period - Minor Penalty to Justin Faulk for Holding.
3:54 of 3rd period - Patrik Berglund wins face-off versus Jarret Stoll in Kings zone.
3:59 of 3rd period - Shot by Milan Michalek.
3:59 of 3rd period - Shot Misses the Net.
4:01 of 3rd period - Shot by Michael Stone.
4:01 of 3rd period - Shot Misses the Net.
4:03 of 3rd period - Shot by Andrei Markov.
4:03 of 3rd period - Stopped by Jacob Markstrom with a rebound.
4:05 of 3rd period - Shot by Andrei Markov.
4:05 of 3rd period - Stopped by Jacob Markstrom without a rebound.
4:06 of 3rd period - Patrik Berglund wins face-off versus Jarret Stoll in Kings zone.
5:08 of 3rd period - Shot by Bobby Ryan.
5:08 of 3rd period - Shot Blocked by Joe Corvo.
5:10 of 3rd period - Shot by Andy McDonald.
5:10 of 3rd period - Stopped by Jacob Markstrom without a rebound.
5:11 of 3rd period - Jarret Stoll wins face-off versus Andy McDonald in Kings zone.
6:01 of 3rd period - Shot by Andrei Markov.
6:01 of 3rd period - Shot Blocked by Michal Handzus.
6:03 of 3rd period - Shot by Blake Comeau.
6:03 of 3rd period - Shot Misses the Net.
6:05 of 3rd period - Shot by Manny Malhotra.
6:05 of 3rd period - Stopped by Jacob Markstrom without a rebound.
6:06 of 3rd period - Ryan Nugent-Hopkins wins face-off versus Patrik Berglund in Kings zone.
6:25 of 3rd period - Shot by Michael Stone.
6:25 of 3rd period - Stopped by Jacob Markstrom without a rebound.
6:26 of 3rd period - Manny Malhotra wins face-off versus Michal Handzus in Kings zone.
7:38 of 3rd period - Minor Penalty to Michael Stone for Slashing.
7:39 of 3rd period - Ryan Nugent-Hopkins wins face-off versus Jay Pandolfo in Wild zone.
8:34 of 3rd period - Shot by Tobias Enstrom.
8:34 of 3rd period - Stopped by Niklas Backstrom without a rebound.
8:35 of 3rd period - Mikhail Grabovski wins face-off versus Manny Malhotra in Wild zone.
8:36 of 3rd period - Shot by Daniel Alfredsson.
8:36 of 3rd period - Shot Blocked by Manny Malhotra.
8:40 of 3rd period - Shot by Tobias Enstrom.
8:40 of 3rd period - Stopped by Niklas Backstrom without a rebound.
8:41 of 3rd period - Manny Malhotra wins face-off versus Ryan Nugent-Hopkins in Wild zone.
8:49 of 3rd period - Off-side.
8:50 of 3rd period - Manny Malhotra wins face-off versus Mikhail Grabovski in neutral zone.
9:33 of 3rd period - Off-side.
9:34 of 3rd period - Ryan Nugent-Hopkins wins face-off versus Manny Malhotra in neutral zone.
9:58 of 3rd period - Shot by Vyacheslav Voynov.
9:58 of 3rd period - Shot Misses the Net.
10:00 of 3rd period - Shot by Vyacheslav Voynov.
10:00 of 3rd period - Shot Misses the Net.
10:35 of 3rd period - Off-side.
10:36 of 3rd period - Michal Handzus wins face-off versus Patrik Berglund in neutral zone.
10:53 of 3rd period - Shot by Matt Hendricks.
10:53 of 3rd period - Shot Misses the Net.
11:01 of 3rd period - Shot by Patrik Berglund.
11:01 of 3rd period - Goal by Patrik Berglund - Wild : 1 - Kings : 2.
11:02 of 3rd period - Jarret Stoll wins face-off versus Alexei Ponikarovsky in neutral zone.
11:39 of 3rd period - Shot by Mike Richards.
11:39 of 3rd period - Shot Misses the Net.
11:41 of 3rd period - Shot by Justin Faulk.
11:41 of 3rd period - Shot Misses the Net.
11:43 of 3rd period - Shot by Mike Richards.
11:43 of 3rd period - Shot Misses the Net.
11:45 of 3rd period - Shot by Mike Richards.
11:45 of 3rd period - Stopped by Niklas Backstrom without a rebound.
11:46 of 3rd period - Patrik Berglund wins face-off versus Ryan Nugent-Hopkins in Wild zone.
11:48 of 3rd period - Icing by Fedor Tyutin.
11:49 of 3rd period - Ryan Nugent-Hopkins wins face-off versus Patrik Berglund in Wild zone.
12:39 of 3rd period - Icing by Daniel Alfredsson.
12:40 of 3rd period - Ryan Nugent-Hopkins wins face-off versus Andy McDonald in Kings zone.
13:06 of 3rd period - Shot by Mike Richards.
13:06 of 3rd period - Shot Misses the Net.
13:08 of 3rd period - Shot by Mike Richards.
13:08 of 3rd period - Stopped by Niklas Backstrom without a rebound.
13:09 of 3rd period - Mikhail Grabovski wins face-off versus Manny Malhotra in Wild zone.
13:48 of 3rd period - Shot by Dustin Penner.
13:48 of 3rd period - Deflect By Mikhail Grabovski.
13:48 of 3rd period - Shot Misses the Net.
14:34 of 3rd period - Icing by Erik Cole.
14:35 of 3rd period - Ryan Smyth wins face-off versus Andy McDonald in Wild zone.
14:47 of 3rd period - Icing by Michael Stone.
14:48 of 3rd period - Andy McDonald wins face-off versus Jarret Stoll in Wild zone.
14:48 of 3rd period - Andy McDonald is hit by Jarret Stoll.
14:55 of 3rd period - Michael Stone is hit by Jarret Stoll and loses puck.
15:23 of 3rd period - Brent Burns is hit by Jarret Stoll and loses puck.
15:32 of 3rd period - Icing by Milan Michalek.
15:33 of 3rd period - Patrik Berglund wins face-off versus Ryan Nugent-Hopkins in Wild zone.
15:33 of 3rd period - Patrik Berglund is hit by Ryan Nugent-Hopkins.
15:36 of 3rd period - Minor Penalty to Ryan Smyth for Holding.
15:37 of 3rd period - Michael Frolik wins face-off versus Patrik Berglund in Kings zone.
15:43 of 3rd period - Minor Penalty to Fedor Tyutin for Roughing.
15:44 of 3rd period - Andy McDonald wins face-off versus Jarret Stoll in Wild zone.
15:44 of 3rd period - Andy McDonald is hit by Jarret Stoll.
15:57 of 3rd period - Bobby Ryan is hit by Robyn Regehr and loses puck.
16:20 of 3rd period - Shot by Andy McDonald.
16:20 of 3rd period - Shot Misses the Net.
16:27 of 3rd period - Michael Frolik is hit by Ryan Whitney.
16:38 of 3rd period - Off-side.
16:39 of 3rd period - Patrik Berglund wins face-off versus Dustin Penner in neutral zone.
16:50 of 3rd period - Shot by Milan Michalek.
16:50 of 3rd period - Stopped by Jacob Markstrom without a rebound.
16:51 of 3rd period - Jarret Stoll wins face-off versus Patrik Berglund in Kings zone.
17:22 of 3rd period - Shot by Patrik Berglund.
17:22 of 3rd period - Stopped by Jacob Markstrom without a rebound.
17:23 of 3rd period - Dustin Penner wins face-off versus Andy McDonald in Kings zone.
19:14 of 3rd period - Minor Penalty to Michael Stone for Tripping.
19:15 of 3rd period - Jay Pandolfo wins face-off versus Ryan Nugent-Hopkins in Wild zone.
19:37 of 3rd period - Off-side.
19:38 of 3rd period - Ryan Nugent-Hopkins wins face-off versus Manny Malhotra in neutral zone.
19:52 of 3rd period - Minor Penalty to Alexei Ponikarovsky for Interference.
19:53 of 3rd period - Mikhail Grabovski wins face-off versus Andrew Ebbett in Wild zone.
Goals for this period are 1 for Wild vs 0 for Kings.
Shots for this period are 9 for Wild vs 4 for Kings.


Output by the SimonT Hockey Simulator (STHS) for Stephane Roy -- Original Page W3C XHTML 1.0 Valid
Hockey Simulator - Hockey Simulation - Hockey Manager